 Dungeon Crawl Stone Soup version 0.30.1-11-g7821555f0a (webtiles) character file.

Game seed: 3738742637453112569

16135 Shadow9853 the Tortoise (level 12, -3/110 HPs)
             Began as a Minotaur Berserker on Oct 2, 2023.
             Was an Elder of Trog.
             Slain by a komodo dragon (16 damage)
             ... on level 2 of the Lair of Beasts on Nov 13, 2023.
             The game lasted 00:35:07 (15599 turns).

Shadow9853 the Tortoise (Minotaur Berserker)       Turns: 15599, Time: 00:35:08

Health: -3/110     AC: 18    Str: 26    XL:     12   Next: 7%
Magic:  0/20       EV: 11    Int:  4    God:    Trog [****..]
Gold:   433        SH:  0    Dex: 11    Spells: 11/11 levels left

rFire   . . .        w - +4 quarterstaff (drain)
rCold   + . .        (shield currently unavailable)
rNeg    . . .        O - +2 chain mail {rC+}
rPois   .            (helmet restricted)
rElec   .            n - scarf {repulsion}
rCorr   .            B - +1 pair of gloves
SInv    .            (no boots)
Will    .....        t - amulet of guardian spirit Stlth
                     y - ring of magical power
HPRegen 0.38/turn    (no ring)
MPRegen 0.17/turn

%: repel missiles, guardian spirit
@: on berserk cooldown, slowed, studying Armour, very slow
A: horns 2, retaliatory headbutt
a: Renounce Religion, Berserk, Trog's Hand, Brothers in Arms


You were on level 2 of the Lair of Beasts.
You worshipped Trog.
Trog was greatly pleased with you.
You visited 3 branches of the dungeon, and saw 13 of its levels.

You collected 433 gold pieces.

Inventory:

Hand Weapons
 q - a +4 scimitar of freezing
 w - a +4 quarterstaff of draining (weapon)
 x - a +2 heavy hand axe
 z - a +4 halberd of freezing
 N - a +3 battleaxe
 U - a +3 rapier
 V - a +2 trident of venom
 X - a +3 whip
Armour
 c - a +2 helmet
 n - a scarf of repulsion (worn)
 B - a +1 pair of gloves (worn)
 O - a +2 chain mail of cold resistance (worn)
 S - an orb of guile
Jewellery
 g - a ring of flight
 t - an amulet of guardian spirit (around neck)
 y - a ring of magical power (left hand)
 A - an amulet of regeneration
 D - an amulet of the acrobat
 M - a ring of fire
Wands
 H - a wand of flame (11)
 P - a wand of roots (7)
Scrolls
 b - a scroll of brand weapon
 j - a scroll of immolation
 l - a scroll of torment
 m - 5 scrolls of magic mapping
 u - 4 scrolls of teleportation
 C - 2 scrolls of butterflies
 E - 3 scrolls of silence
 F - 2 scrolls of poison
 I - 2 scrolls of vulnerability
 W - 4 scrolls of identify
Potions
 a - 2 potions of might {unknown}
 d - a potion of ambrosia {unknown}
 e - 6 potions of curing {unknown}
 f - 2 potions of degeneration {unknown}
 h - 5 potions of lignification {unknown}
 i - 2 potions of flight {unknown}
 o - 2 potions of brilliance {unknown}
 p - a potion of invisibility {unknown}
 r - 3 potions of magic {unknown}
 v - 2 potions of berserk rage {unknown}
 G - 3 potions of attraction {unknown}
 K - a potion of haste {unknown}
 Q - a potion of resistance {unknown}
 T - 3 potions of cancellation {unknown}
 Z - a potion of mutation {unknown}


   Skills:
 + Level 11.0 Fighting
 + Level 6.4 Long Blades
 + Level 14.0 Staves
 + Level 15.0 Armour
 + Level 5.7 Dodging
 + Level 1.8 Stealth


You had 11 spell levels left.
You didn't know any spells.
Your spell library contained the following spells:

 Spells                   Type           Power      Damage    Failure   Level
 Apportation              Tloc           0%         N/A       88%         1
 Static Discharge         Conj/Air       0%         2-2/arc   95%         2
 Dazzling Flash           Conj/Hex       0%         N/A       99%         3
 Volatile Blastmotes      Fire/Tloc      0%         2d10      99%         3
 Airstrike                Air            0%         2d(0-16)  100%        4
 Iskenderun's Mystic Bla  Conj/Tloc      0%         2d3       100%        4
 Summon Lightning Spire   Summ/Air       0%         N/A       100%        4
 Agony                    Necr           0%         N/A       100%        5
 Alistair's Intoxication  Tmut/Pois      0%         N/A       100%        5
 Silence                  Hex/Air        0%         N/A       100%        5
 Summon Forest            Summ/Tloc      0%         N/A       100%        5
 Summon Mana Viper        Hex/Summ       0%         N/A       100%        5
 Simulacrum               Ice/Necr       0%         N/A       100%        6
 Starburst                Conj/Fire      0%         6d3       100%        6
 Summon Cactus Giant      Summ           0%         N/A       100%        6
 Ozocubu's Refrigeration  Ice            0%         4d7       100%        7
 Polar Vortex             Ice            0%         N/A       100%        9


Dungeon Overview and Level Annotations

Branches:
Dungeon (10/15)            Temple (1/1) D:4            Lair (2/5) D:10
 Shoals (0/4) Lair:2
  Snake: Lair:2-3    Spider: Lair:2-3       Orc: D:9-12

Altars:
Cheibriados
Elyvilon
Fedhas
Gozag
Hepliaklqana
Kikubaaqudgha
Nemelex Xobeh
Ru
Sif Muna
Wu Jian
Xom
Zin

Shops:
D:10 [


Innate Abilities, Weirdness & Mutations

You have a pair of horns on your head.
You reflexively headbutt those who attack you in melee.


Message History

The air twists around and strikes you!!
* * * LOW HITPOINT WARNING * * *
You see here a manticore corpse.
You bludgeon the wind drake!! You drain the wind drake.
The wind drake is almost dead.
The wind drake bites you but does no damage.
You sock the wind drake!
You kill the wind drake!
Trog accepts your kill.
Your Fighting skill increases to level 11!
The barbed spikes dig painfully into your body as you move.
* * * LOW HITPOINT WARNING * * *
You see here a wind drake corpse.
You sock the black bear! You drain the black bear.
Your headbutt misses the black bear.
The black bear is almost dead.
You carefully extract the barbed spikes from your body.
The black bear goes berserk!
You sock the black bear!
You kill the black bear!
Trog accepts your kill. The komodo dragon closely misses you.
You furiously retaliate!
You headbutt the komodo dragon. The komodo dragon bites you!
* * * LOW HITPOINT WARNING * * *
The komodo dragon bites you!
* * * LOW HITPOINT WARNING * * *
You bludgeon the komodo dragon!!
The komodo dragon is heavily wounded.
The komodo dragon closely misses you.
You hit the komodo dragon. You drain the komodo dragon.
You headbutt the komodo dragon!
The komodo dragon is severely wounded.
You barely miss the komodo dragon.
The komodo dragon is severely wounded.
The komodo dragon barely misses you.
You sock the komodo dragon! Your headbutt misses the komodo dragon.
The komodo dragon is almost dead.
The komodo dragon bites you!!
You die...

#................
#...............)
#................
#................
#..........>.....
#................
#.....l.[........
#....†@..........
#....†...........
#................
#............#..#
#....#.#.##### ##
##.#P##### #.###
##


You could see a komodo dragon (drained).

Vanquished Creatures
  The ghost of Esekla the Thaumaturge, a novice DEWn of Vehumet (D:8)
  A manticore (Lair:2)
  2 black mambas (Lair:1)
  4 cane toads
  2 komodo dragons (Lair:1)
  An unseen horror (D:10)
  A wind drake (Lair:2)
  A hornet (D:9)
  Grinder (D:4)
  7 blink frogs (Lair:1)
  Sigmund (D:3)
  A human (D:8)
  A wyvern (D:9)
  31 yaks
  3 hogs (D:8)
  A steam dragon (D:8)
  2 wargs (D:10)
  3 water moccasins
  Duvessa (D:4)
  5 orc warriors
  3 black bears
  2 ice beasts
  3 sky beasts
  A wolf (Lair:1)
  3 centaurs
  A phantom (D:4)
  Blork the orc (D:4)
  9 bullfrogs
  2 gnoll sergeants
  2 scorpions (D:6)
  11 wights
  Dowan (D:4)
  4 killer bees (D:8)
  4 howler monkeys
  A hound (D:6)
  6 orc priests
  3 gnoll boudas
  A jelly (D:4)
  Crazy Yiuf (D:3)
  2 iguanas (D:5)
  2 sleepcaps
  Natasha (thrice) (D:3)
  11 orc wizards
  17 gnolls
  9 adders
  2 shadow imps (D:6)
  A white imp (D:5)
  An ufetubus (D:7)
  4 worms
  3 dart slugs
  28 orcs
  10 endoplasms
  A giant cockroach (D:2)
  3 goblins
  10 hobgoblins
  3 jackals
  6 quokkas
  8 ball pythons
  5 bats
  6 frilled lizards
  8 kobolds
  5 rats
277 creatures vanquished.

Vanquished Creatures (collateral kills)
  A blink frog (Lair:1)
  A yak (D:10)
  A bullfrog (Lair:1)
  An orc wizard (D:6)
  A gnoll (D:8)
  A white imp (D:6)
6 creatures vanquished.

Vanquished Creatures (others)
  An orc zombie (D:8)
1 creature vanquished.

Grand Total: 284 creatures vanquished

Notes
Turn   | Place    | Note
-------+----------+-------------------------------------------
     0 | D:1      | Shadow9853 the Minotaur Berserker began the quest for the
                  | Orb.
     0 | D:1      | Reached XP level 1. HP: 19/19 MP: 0/0
   173 | D:1      | Reached XP level 2. HP: 15/27 MP: 1/1
   774 | D:2      | Found a faded altar of an unknown god.
   817 | D:2      | Reached XP level 3. HP: 33/33 MP: 2/2
  1234 | D:2      | Reached ** piety under Trog
  1240 | D:2      | Reached skill level 3 in Armour
  1533 | D:2      | Reached XP level 4. HP: 35/41 MP: 3/3
  1585 | D:2      | Identified the +3 robe of Lashe {Str-2 Int+4}
  2139 | D:3      | Noticed Crazy Yiuf
  2139 | D:3      | Found a runed translucent door.
  2143 | D:3      | Killed Crazy Yiuf
  2197 | D:3      | Noticed Sigmund
  2203 | D:3      | Killed Sigmund
  2204 | D:3      | Reached skill level 5 in Long Blades
  2204 | D:3      | Reached skill level 4 in Armour
  2204 | D:3      | Reached XP level 5. HP: 47/47 MP: 4/4
  2204 | D:3      | Reached XP level 6. HP: 55/55 MP: 5/5
  2575 | D:3      | Found a snail-covered altar of Cheibriados.
  2575 | D:3      | Found an opulent altar of Gozag.
  2770 | D:3      | Noticed Natasha
  2775 | D:3      | Killed Natasha
  2775 | D:3      | Reached *** piety under Trog
  2871 | D:3      | Noticed Natasha
  2876 | D:3      | Killed Natasha
  3004 | D:3      | Noticed Natasha
  3015 | D:3      | Killed Natasha
  3016 | D:3      | Reached skill level 1 in Staves
  3144 | D:4      | Noticed Grinder
  3152 | D:4      | Killed Grinder
  3153 | D:4      | Reached skill level 5 in Fighting
  3153 | D:4      | Reached skill level 5 in Armour
  3153 | D:4      | Reached XP level 7. HP: 61/61 MP: 6/6
  3172 | D:4      | Found a staircase to the Ecumenical Temple.
  3195 | Temple   | Entered the Ecumenical Temple
  3412 | D:4      | Found a hazy altar of Hepliaklqana.
  3418 | D:4      | Noticed Blork the orc
  3425 | D:4      | Killed Blork the orc
  3686 | D:4      | Upgraded the game from 0.30.1-9-gdf580d7c3d to
                  | 0.30.1-11-g7821555f0a
  4021 | D:4      | Noticed Dowan
  4026 | D:4      | Noticed Duvessa
  4031 | D:4      | Killed Dowan
  4037 | D:4      | Killed Duvessa
  4038 | D:4      | Reached skill level 6 in Armour
  4573 | D:4      | Found a sacrificial altar of Ru.
  4573 | D:4      | Found a sparkling altar of Nemelex Xobeh.
  4686 | D:5      | Entered Level 5 of the Dungeon
  4697 | D:5      | Reached skill level 5 in Staves
  4851 | D:5      | Reached XP level 8. HP: 69/69 MP: 7/7
  4947 | D:5      | Reached skill level 1 in Stealth
  5195 | D:5      | Reached **** piety under Trog
  5626 | D:6      | Reached skill level 7 in Armour
  5775 | D:6      | Found a shimmering altar of Xom.
  6554 | D:6      | Reached XP level 9. HP: 74/78 MP: 8/8
  7425 | D:7      | Reached skill level 8 in Armour
  8320 | D:8      | Found a runed translucent door.
  8320 | D:8      | Noticed Esekla's ghost (novice DEWn)
  8526 | D:8      | Killed Esekla's ghost
  8527 | D:8      | Reached skill level 10 in Staves
  8527 | D:8      | Reached skill level 9 in Armour
  8809 | D:8      | Reached XP level 10. HP: 70/86 MP: 9/9
  9344 | D:8      | Reached skill level 10 in Armour
 10362 | D:9      | Reached skill level 11 in Armour
 10568 | D:9      | Reached skill level 5 in Dodging
 10638 | D:9      | Found a white marble altar of Elyvilon.
 11077 | D:10     | Entered Level 10 of the Dungeon
 11187 | D:10     | HP: 3/91 [something (4)]
 11190 | D:10     | Reached XP level 11. HP: 7/97 MP: 0/10
 11546 | D:10     | Reached skill level 12 in Armour
 11670 | D:10     | Found Hioqul's Antique Armour Shoppe.
 11700 | D:10     | Reached ***** piety under Trog
 12020 | D:10     | Identified a scroll of acquirement
 12020 | D:10     | Acquired a manual of Armour
 13359 | D:10     | Found a staircase to the Lair.
 13380 | Lair:1   | Entered Level 1 of the Lair of Beasts
 13493 | Lair:1   | Reached skill level 10 in Fighting
 13918 | Lair:1   | Reached skill level 13 in Armour
 14595 | Lair:1   | Reached skill level 14 in Armour
 15568 | Lair:1   | You fall into a shaft and drop 1 floor!
 15568 | Lair:2   | Found a staircase to the Shoals.
 15575 | Lair:2   | Reached XP level 12. HP: 78/108 MP: 11/11
 15585 | Lair:2   | Reached skill level 15 in Armour
 15599 | Lair:2   | Slain by a komodo dragon

Illustrated notes

Levels and vault maps discovered:
D:1:      eino_arrival_water_star, layout_basic, chequers_serial_rivers_marsh,
          minmay_pentomino_s4
D:2:      layout_basic, shapermc_ecumenical_altar_mp_vishouse,
          minmay_increasing_density
D:3:      layout_rooms, gammafunk_temple_overflow_elements,
          minmay_misc_feat_tiny, grunt_decor_cap, uniq_sigmund, uniq_natasha,
          uniq_crazy_yiuf_cottage
D:4:      layout_loops_corners, nicolae_hepliaklqana_hazy_memory,
          gammafunk_temple_overflow_wave, minmay_temple_entry_nine_rooms,
          uniq_blork_the_orc, uniq_grinder, uniq_duvessa
D:5:      layout_cave_pods
D:6:      layout_loops_corners, lemuel_tele_altar
D:7:      layout_cave_pools
D:8:      layout_basic, hellmonk_ghost_happy_afterlife, fountainhead,
          nrook_mini_backslash, dk_noncrumbling_3, grunt_livestock
D:9:      layout_loops_corners, nicolae_overflow_hidden_temple
D:10:     layout_rooms, erik_lair_orcish_takeover, serial_shops,
          nicolae_square_shop, nicolae_shop_waterfront, nicolae_stop_n_shop_2,
          nicolae_shop_scrapyard, nicolae_take_the_stairs, bh_walls_and_bars
Temple:   nicolae_temple_superstar
Lair:1:   layout_chaotic_city, beast_lair_carwin_2, lemuel_fruit_tree
Lair:2:   layout_hall_layers, minmay_shoals_entry_beasts,
          nicolae_spider_entry_lesser_pyramids, beast_lair_carwin_10

Skill      XL: |  1  2  3  4  5  6  7  8  9 10 11 12 |
---------------+-------------------------------------+-----
Long Blades    | 4 5 6 |  6.4
Fighting       | 4 5 6 7 9 10 11 | 11.0
Armour         | 3 4 5 6 7 9 11 14 15 | 15.0
Dodging        | 3 4 5 |  5.7
Staves         | 3 5 8 10 11 13 14 | 14.0
Stealth        | 1 |  1.8

Action                     |  1- 3 |  4- 6 |  7- 9 | 10-12 || total
---------------------------+-------+-------+-------+-------++-------
  Melee: Falchion          |    85 |    12 |       |       ||    97
         Headbutt          |    13 |     9 |    40 |    77 ||   139
         Punch             |     2 |       |       |       ||     2
         Quarterstaff      |       |    52 |   226 |   301 ||   579
 Invoke: Berserk           |     2 |     1 |     4 |     9 ||    16
         Brothers in Arms  |       |       |     2 |     1 ||     3
         Trog's Hand       |       |       |     1 |     1 ||     2
    Use: Scroll            |     4 |       |     3 |     9 ||    16
   Stab: Petrified         |       |       |     1 |       ||     1
 Armour: Ring mail         |    17 |       |       |       ||    17
         Animal skin       |     3 |       |       |       ||     3
         Chain mail        |    42 |    25 |   174 |   167 ||   408
  Dodge: Dodged            |    73 |    50 |   178 |   188 ||   489
         Repelled          |       |     1 |     3 |     1 ||     5
